cohdb
Replays
Latest Replays
All Replays
Popular Replays
Top Player Replays
Match Explorer
How It Works
Community
CoH3 Stats
Reddit
Sign in to upload your games and track your stats! →
Sign in with Steam
Match 41194616
Unlisted
Match 41194616
Overview
Messages
Build Orders
End
Kradschützen Motorcycle Team
Panzergrenadier Squad
Panzergrenadier Squad
Construct Light Support Kompanie
2.5-tonne Medical Truck
Assault Grenadier Squad
Fire Support Elements
Veteran Squad Leaders
Selects Battlefield Espionage Battlegroup
Selects Sector Subterfuge Beacon
Selects Transfer Depots
Construct Panzerarmee Kommand
Panzerjäger Mechanized Group
Selects Disruption Operation
Armored Reserves
Emergency Repair Kits
Selects 250/3 Funkpanzerwagen
Vehicle Survival Package
Selects Advanced Ambush Training
Tiger Heavy Tank
Rapid Advance
Advanced Optics
2.5-tonne Medical Truck
Disruption Operation
Selects Operation Skorpion
Walking Stuka Rocket Launcher
Operation Skorpion
Disruption Operation
Walking Stuka Rocket Launcher
Walking Stuka Rocket Launcher
Disruption Operation
Panzer IV Assault Group
Operation Skorpion
Advanced Field Repairs
Disruption Operation
Tungsten Core Ammunition
Combat Half-tracks
[HAN]Diederick Kastner
HeyGuys! I_Guess_That's_it
Michel-®
Jester Two Coins
AceRobby
GAMESIX
DaddyIssues
Tharrats
0
0
Comments
sign in to comment!
No comments posted yet!